 Dungeon Crawl Stone Soup version 0.26.0-10-g1f06aea511 (webtiles) character file.

Game seed: 846240404784344167

13869 MisterFreud the Spear-Bearer (level 11, -6/99 HPs)
             Began as a Minotaur Fighter on Jan 22, 2021.
             Mangled by a yak (8 damage)
             ... on level 1 of the Lair of Beasts.
             The game lasted 00:14:05 (10743 turns).

MisterFreud the Spear-Bearer (Minotaur Fighter)    Turns: 10743, Time: 00:14:06

Health: -6/99      AC: 14    Str: 23    XL:     11   Next: 81%
Magic:  6/6        EV:  8    Int:  2    God:
Gold:   218        SH:  0    Dex: 16    Spells: 10/10 levels left

rFire    . . .     SeeInvis .   b - +8 great sword "Gempo" {antimagic, +Blink Will+++ MP+9 Int-4}
rCold    . . .     Faith    .   (shield currently unavailable)
rNeg     . . .     Spirit   .   w - +0 chain mail
rPois    .         Reflect  .   (helmet restricted)
rElec    .         Harm     .   (no cloak)
rCorr    .         Rampage  .   p - +0 pair of gloves
Will     +++++                  V - +0 pair of boots
Stlth    ..........             K - amulet of the acrobat
HPRegen  0.26/turn              i - ring of willpower
MPRegen  0.10/turn              M - ring "Nawiy" {Will+ Dex+6}

@: no status effects
A: retaliatory headbutt, horns 2
a: Evoke Blink


You were on level 1 of the Lair of Beasts.
You visited 2 branches of the dungeon, and saw 11 of its levels.

You collected 865 gold pieces.
You spent 647 gold pieces at shops.

Inventory:

Hand Weapons
 a - a +0 trident
 b - the +8 great sword "Gempo" (weapon) {antimagic, +Blink Will+++ MP+9 Int-4}
   (You found it on level 1 of the Lair of Beasts)

   It reduces the magical energy of the wielder, and disrupts the spells and
   magical abilities of those hit.
   Natural abilities and divine invocations are not affected.
   It affects your intelligence (-4).
   It affects your willpower, your defense against some magical effects.
   It affects your magic capacity (+9).
   It lets you blink.
Missiles
 o - 11 silver boomerangs (quivered)
 q - 13 boomerangs
 y - 54 poisoned darts
 N - a throwing net
 O - 3 boomerangs of dispersal
 W - 8 curare-tipped darts
Armour
 c - a +0 kite shield
 p - a +0 pair of gloves (worn)
 w - a +0 chain mail (worn)
 V - a +0 pair of boots (worn)
Jewellery
 i - a ring of willpower (left hand)
 j - an uncursed amulet of regeneration
 r - an uncursed ring of magical power
 C - an uncursed ring of positive energy
 I - a cursed ring of teleportation {unknown}
 K - an amulet of the acrobat (around neck)
 M - the ring "Nawiy" (right hand) {Will+ Dex+6}
   (You found it on level 7 of the Dungeon)

   [ring of dexterity]

   It affects your dexterity (+6).
   It affects your willpower, your defense against some magical effects.
 Y - an uncursed ring of stealth {unknown}
 Z - an uncursed ring of poison resistance {unknown}
Wands
 l - a wand of iceblast (14)
 v - a wand of paralysis (13)
 P - a wand of digging (4)
 R - a wand of acid (8)
 S - a wand of flame (22)
 X - a wand of disintegration (14)
Scrolls
 e - 5 scrolls of amnesia
 g - 2 scrolls of magic mapping {unknown}
 h - 16 scrolls of identify
 k - 7 scrolls of remove curse
 n - 6 scrolls of teleportation {unknown}
 s - 2 scrolls of immolation {unknown}
 t - 4 scrolls of fog
 D - a scroll of enchant weapon {unknown}
 F - 4 scrolls of blinking
 L - 2 scrolls of fear {unknown}
Potions
 d - 2 potions of might
 f - 3 potions of mutation
 m - 2 potions of heal wounds {unknown}
 u - a potion of flight {unknown}
 x - 2 potions of cancellation
 z - 2 potions of ambrosia {unknown}
 A - 2 potions of lignification
 B - 2 potions of brilliance {unknown}
 E - 7 potions of curing
 G - a potion of haste {unknown}
 H - a potion of magic {unknown}
 J - a potion of attraction {unknown}
 U - a potion of degeneration {unknown}
Miscellaneous
 Q - a condenser vane


   Skills:
 - Level 10.0 Fighting
 + Level 2.7 Long Blades
 - Level 13.7 Polearms
 - Level 10.0 Armour
 - Level 10.0 Shields
 * Level 6.2 Evocations


You had 10 spell levels left.
You didn't know any spells.
Your spell library contained the following spells:

 Spells                   Type           Power        Failure   Level
 Ice Form                 Ice/Tmut       0%           100%        4
 Metabolic Englaciation   Hex/Ice        0%           100%        5
 Freezing Cloud           Conj/Ice/Air   0%           100%        6
 Ozocubu's Refrigeration  Ice            0%           100%        6
 Simulacrum               Ice/Necr       0%           100%        6


Dungeon Overview and Level Annotations

Branches:
Dungeon (10/15)            Temple (0/1) D:6            Lair (1/6) D:10
    Orc: D:9-12

Altars:
Elyvilon
Fedhas
Gozag
Kikubaaqudgha
Uskayaw
Vehumet
Wu Jian
Zin

Shops:
D:6 *   D:9 }!:


Innate Abilities, Weirdness & Mutations

You reflexively headbutt those who attack you in melee.
You have a pair of horns on your head.


Message History

You are too injured to fight recklessly!
You slice the yak!! You headbutt the yak.
The yak is almost dead.
The yak gores you.
You are too injured to fight recklessly!
You slash the yak! You headbutt the yak.
The yak is heavily wounded.
The yak barely misses you. The yak gores you!
* * * LOW HITPOINT WARNING * * *
You are too injured to fight recklessly!
You slice the yak!!
You kill the yak!
The yak gores you but does no damage. The yak gores you!
* * * LOW HITPOINT WARNING * * *
The yak gores you!
* * * LOW HITPOINT WARNING * * *
You slice the yak!!
You kill the yak!
The yak gores you!
You die...

...(.......)
.#.........
..#....(..#####
...........#..#
#.......##..#
#.......##..##
#.......+....#
+........#.Y.#
#..>....†Y@..#
.........##P###
..........#######.
.?................
..................
.................
................. ≈.
#...............
.....#............P..


You could see 2 yaks.

Vanquished Creatures
  Erica (D:10)
  A two-headed ogre (D:9)
  A queen ant (D:8)
  3 cane toads (Lair:1)
  4 molten gargoyles (D:9)
  A rime drake (Lair:1)
  2 komodo dragons (Lair:1)
  A polar bear (Lair:1)
  A hornet (D:7)
  Sigmund (D:4)
  21 yaks
  Edmund (D:4)
  5 soldier ants
  6 water moccasins
  An orc warrior (D:9)
  4 black bears
  A sky beast (D:8)
  An ice beast (D:5)
  3 phantoms
  4 centaurs
  5 ogres
  2 big kobolds
  4 bullfrogs
  A wyvern skeleton (D:9)
  4 scorpions
  3 killer bees (D:9)
  8 wights (D:6)
  An electric eel (Lair:1)
  2 bullfrog zombies
  A lava snake (D:9)
  2 centaur zombies
  A quasit (D:6)
  3 jellies
  2 centaur skeletons (D:7)
  A hound (D:9)
  A gnoll shaman (D:7)
  An orc priest (D:8)
  5 orc wizards
  A bullfrog skeleton (D:6)
  3 iguanas
  Terence (D:2)
  14 worker ants
  A hound skeleton (D:5)
  A howler monkey zombie (D:5)
  A worker ant zombie (D:7)
  Robin (D:4)
  11 gnolls
  A howler monkey skeleton (D:9)
  9 adders
  7 shadow imps
  3 white imps
  3 ufetubi
  4 oozes
  2 adder skeletons
  A worm (D:2)
  2 dart slugs
  8 leopard geckos
  35 orcs
  4 ball pythons
  10 bats
  A bat zombie (D:2)
  5 giant cockroaches
  21 goblins
  19 hobgoblins
  5 jackals
  7 quokkas
  5 frilled lizards
  27 kobolds
  A leopard gecko skeleton (D:5)
  2 quokka skeletons
  8 rats
334 creatures vanquished.

Vanquished Creatures (others)
  A fungus (Lair:1)
  8 plants
9 creatures vanquished.

Grand Total: 343 creatures vanquished

Notes
Turn   | Place    | Note
-------+----------+-------------------------------------------
     0 | D:1      | MisterFreud the Minotaur Fighter began the quest for the
                  | Orb.
     0 | D:1      | Reached XP level 1. HP: 19/19 MP: 0/0
    44 | D:1      | Reached skill level 3 in Polearms
    66 | D:1      | Reached XP level 2. HP: 26/26 MP: 1/1
   342 | D:1      | Reached skill level 4 in Polearms
   550 | D:1      | Reached XP level 3. HP: 30/31 MP: 2/2
   694 | D:2      | Noticed Terence
   701 | D:2      | Killed Terence
   702 | D:2      | Reached skill level 5 in Polearms
   718 | D:2      | Reached XP level 4. HP: 24/39 MP: 3/3
   967 | D:2      | Found an ornate altar of the Wu Jian Council.
  1052 | D:2      | Found an ancient bone altar of Kikubaaqudgha.
  1106 | D:2      | Found a white marble altar of Elyvilon.
  1332 | D:2      | Reached skill level 6 in Polearms
  1596 | D:2      | Reached XP level 5. HP: 34/45 MP: 4/4
  1804 | D:3      | Reached skill level 7 in Polearms
  2077 | D:3      | Reached XP level 6. HP: 50/51 MP: 5/5
  2128 | D:3      | Found an opulent altar of Gozag.
  2180 | D:3      | Reached skill level 8 in Polearms
  2430 | D:4      | Noticed Robin
  2475 | D:4      | Killed Robin
  2540 | D:4      | Noticed Sigmund
  2745 | D:4      | Reached XP level 7. HP: 60/60 MP: 6/6
  2831 | D:4      | Killed Sigmund
  2832 | D:4      | Reached skill level 5 in Fighting
  2832 | D:4      | Reached skill level 5 in Armour
  3021 | D:4      | Reached skill level 5 in Shields
  3128 | D:4      | Noticed Edmund
  3160 | D:4      | Killed Edmund
  3368 | D:5      | Entered Level 5 of the Dungeon
  3453 | D:5      | Reached XP level 8. HP: 57/70 MP: 7/7
  4076 | D:5      | Found a hide-covered altar of Uskayaw.
  4174 | D:6      | Found a staircase to the Ecumenical Temple.
  4266 | D:6      | Found a radiant altar of Vehumet.
  4309 | D:6      | Reached skill level 9 in Polearms
  4427 | D:6      | Reached XP level 9. HP: 78/79 MP: 8/8
  4560 | D:6      | Found a glowing silver altar of Zin.
  4776 | D:6      | Found Ruwkin's General Store.
  4798 | D:6      | Bought a scroll of blinking for 82 gold pieces
  4985 | D:7      | Reached skill level 10 in Polearms
  5026 | D:7      | Paralysed by a hornet for 2 turns
  5531 | D:7      | Found a blossoming altar of Fedhas.
  5712 | D:7      | Got a flickering jade ring
  5714 | D:7      | Identified the ring "Nawiy" {Will+ Dex+6} (You found it on
                  | level 7 of the Dungeon)
  6015 | D:8      | Noticed a queen ant
  6028 | D:8      | Reached skill level 11 in Polearms
  6042 | D:8      | Killed a queen ant
  6043 | D:8      | Reached XP level 10. HP: 40/90 MP: 9/9
  6056 | D:8      | HP: 4/90 [soldier ant (4)]
  6718 | D:9      | Noticed a two-headed ogre
  6725 | D:9      | Killed a two-headed ogre
  6726 | D:9      | Reached skill level 12 in Polearms
  6797 | D:9      | Found Haecic's Gadget Shop.
  6811 | D:9      | Bought a condenser vane for 520 gold pieces
  6926 | D:9      | Noticed a molten gargoyle
  6950 | D:9      | Killed a molten gargoyle
  6951 | D:9      | Reached skill level 1 in Evocations
  7053 | D:9      | Noticed a molten gargoyle
  7053 | D:9      | Noticed a molten gargoyle
  7156 | D:9      | Found Qyapheott's Book Boutique.
  7209 | D:9      | Noticed a molten gargoyle
  7225 | D:9      | Killed a molten gargoyle
  7294 | D:9      | Killed a molten gargoyle
  7444 | D:9      | Killed a molten gargoyle
  7782 | D:9      | Found Utoghouc's Distillery.
  7799 | D:9      | Bought a potion of lignification for 45 gold pieces
  7925 | D:10     | Entered Level 10 of the Dungeon
  7956 | D:10     | Reached XP level 11. HP: 82/97 MP: 10/10
  8024 | D:10     | Found a staircase to the Lair.
  8086 | D:10     | Noticed Erica
  8121 | D:10     | Killed Erica
  8408 | D:10     | Reached skill level 13 in Polearms
  8892 | Lair:1   | Entered Level 1 of the Lair of Beasts
  9193 | Lair:1   | Reached skill level 10 in Fighting
  9416 | Lair:1   | Reached skill level 10 in Armour
  9806 | Lair:1   | Reached skill level 10 in Shields
  9871 | Lair:1   | Reached skill level 5 in Evocations
 10098 | Lair:1   | Got a bloodstained great sword
 10099 | Lair:1   | Identified the +8 great sword "Gempo" {antimagic, +Blink
                  | Will+++ MP+9 Int-4} (You found it on level 1 of the Lair of
                  | Beasts)
 10360 | Lair:1   | Reached skill level 1 in Long Blades
 10742 | Lair:1   | HP: 2/99 [yak (11)]
 10743 | Lair:1   | Mangled by a yak

Illustrated notes

Levels and vault maps discovered:
D:1:      minmay_arrival_radiant_lines, layout_basic
D:2:      minmay_razor_zed, layout_rooms, marbit_many_paths,
          nicolae_overflow_crystal_walls, lemuel_zombie_altar_kikubaaqudgha,
          general_overflow_altar, serial_forest, infiniplex_forest_join,
          infiniplex_forest_zigzag_1, infiniplex_forest_clump_curved,
          infiniplex_forest_end_1, infiniplex_forest_lined_room_2,
          hangedman_decor_peaks_small, corexii_shack, uniq_terence
D:3:      cheibrodos_greedy_goblins, layout_rooms, grunt_gozag_statues
D:4:      layout_cave_pods, serial_glass, glass_columns_a, glass_columns_b,
          uniq_sigmund, uniq_edmund, uniq_robin
D:5:      layout_basic, basic_altar
D:6:      layout_loops_cross, vehumet_crystals, zin_statuary, temple_fountains,
          serial_shops, shop_coins
D:7:      layout_loops_cross, lemuel_round_altar,
          eino_small_chamber_without_monster, skrybe_limestone_x,
          minmay_joined_circles
D:8:      layout_loops_ring, minmay_another_anthill
D:9:      layout_irregular_city, serial_shops, shop, shop, shop, minivault_8
D:10:     layout_basic, lair_entry_dummy, uniq_erica
Lair:1:   layout_regular_city, portal_ice_cave_demonic_guard, serial_rivers,
          chequers_serial_rivers_micro_d, chequers_serial_rivers_small_a,
          chequers_serial_rivers_micro_d, chequers_serial_rivers_small_b,
          chequers_serial_rivers_room_b, gammafunk_lair_bear_cave,
          infiniplex_staircase_pool

Skill      XL: |  1  2  3  4  5  6  7  8  9 10 11 |
---------------+----------------------------------+-----
Polearms       | 3 4 5 6 7 8 9 11 12 13 | 13.7
Armour         | 4 6 7 8 9 10 | 10.0
Fighting       | 4 6 7 8 9 10 | 10.0
Shields        | 4 6 7 8 9 10 | 10.0
Evocations     | 2 6 |  6.2
Long Blades    | 2 |  2.7

Action                   |  1- 3 |  4- 6 |  7- 9 | 10-12 || total
-------------------------+-------+-------+-------+-------++-------
Melee: Trident           |    79 |   289 |   415 |   437 ||  1220
       Headbutt          |     8 |    31 |    95 |   124 ||   258
       Great sword       |       |       |       |    45 ||    45
  Use: Scroll            |       |       |     4 |     1 ||     5
       Potion            |       |       |       |     2 ||     2
Armor: Scale mail        |    17 |    85 |     8 |       ||   110
       Chain mail        |       |       |   104 |    98 ||   202
Dodge: Dodged            |    12 |    65 |    48 |    75 ||   200
Block: Kite shield       |    28 |   109 |   149 |   136 ||   422
       Rpst.: Great sword |       |       |       |     7 ||     7
